 Dungeon Crawl Stone Soup version 0.29.0-7-g18a832c13a (webtiles) character file.

Game seed: 10767724116791846981

51 brob1 the Chopper (level 3, 0/33 HPs)
             Began as a Minotaur Berserker on Sept 1, 2022.
             Was a Believer of Trog.
             Slain by a bat (1 damage)
             ... on level 2 of the Dungeon.
             The game lasted 00:01:21 (1365 turns).

brob1 the Chopper (Minotaur Berserker)              Turns: 1365, Time: 00:01:21

Health: 0/33       AC:  2    Str: 23    XL:     3   Next: 58%
Magic:  2/2        EV: 12    Int:  4    God:    Trog [**....]
Gold:   9          SH:  0    Dex:  9    Spells: 2/2 levels left

rFire   . . .      SeeInvis .   a - +0 hand axe
rCold   . . .      Faith    .   (no shield)
rNeg    . . .      Spirit   .   b - +0 animal skin
rPois   .          Reflect  .   (helmet restricted)
rElec   .          Harm     .   (no cloak)
rCorr   .          Rampage  .   (no gloves)
Will    .....                   (no boots)
Stlth   +.........              (no amulet)
HPRegen 0.11/turn               (no ring)
MPRegen 0.08/turn               (no ring)

@: no status effects
A: horns 2, retaliatory headbutt
a: Renounce Religion, Berserk, Trog's Hand


You were on level 2 of the Dungeon.
You worshipped Trog.
Trog was pleased with you.
You visited 1 branch of the dungeon, and saw 2 of its levels.

You collected 9 gold pieces.

Inventory:

Hand Weapons
 a - a +0 hand axe (weapon)
Armour
 b - a +0 animal skin (worn)
Scrolls
 c - a scroll of identify {unknown}
 d - a scroll of fog {unknown}
 h - a scroll of enchant weapon {unknown}
Potions
 e - a potion of invisibility
 f - a potion of haste {unknown}
 g - 3 potions of curing {unknown}
 i - 2 potions of degeneration {unknown}
 j - a potion of mutation {unknown}


   Skills:
 + Level 4.2 Fighting
 + Level 4.6 Axes
 + Level 2.5 Armour
 + Level 2.8 Dodging


You had 2 spell levels left.
You didn't know any spells.
Your spell library was empty.

Dungeon Overview and Level Annotations

Branches:
Dungeon (2/15)

Altars:


Innate Abilities, Weirdness & Mutations

You have a pair of horns on your head.
You reflexively headbutt those who attack you in melee.


Message History

The worm is moderately wounded.
The dart slug launches a dart at you. The slug dart hits you.
You barely miss the worm. You headbutt the worm!
The worm is severely wounded.
The worm barely misses you.
You barely miss the worm.
The worm is severely wounded.
The worm bites you!
* * * LOW HITPOINT WARNING * * *
You are too injured to fight recklessly!
You are too injured to fight recklessly!
You are too injured to fight recklessly!
You are too injured to fight recklessly!
You are too injured to fight recklessly!
You are too injured to fight recklessly!
You are too injured to fight recklessly!
You are too injured to fight recklessly!
You are too injured to fight recklessly!
You are too injured to fight recklessly!
You hit the worm.
The worm is severely wounded.
A bat comes into view.
You hit the worm.
The worm is almost dead.
You hit the dart slug. The dart slug launches a dart at you.
The slug dart hits you.
* * * LOW HITPOINT WARNING * * *
The worm bites you.
* * * LOW HITPOINT WARNING * * *
The bat closely misses you. The bat attacks as you move away!
The bat closely misses you. The bat hits you.
* * * LOW HITPOINT WARNING * * *
The bat hits you but does no damage.
You see here 5 stones.
The bat hits you.
* * * LOW HITPOINT WARNING * * *
The bat hits you.
You die...

#...........
##...........
#............
#.#.†w.......
#.##.##......
#.##w# .....
#....# .....
##.b.##......
#.@.........
#.<..#.... .
#.........
#....#....
##.#......
#.####... #.#
.. ###


8 You could see a worm, a dart slug and a bat.

Vanquished Creatures
  A dart slug (D:1)
  2 ball pythons (D:1)
  7 endoplasms (D:1)
  A giant cockroach (D:1)
  6 goblins (D:1)
  4 hobgoblins (D:1)
  7 jackals
  2 quokkas (D:1)
  A bat (D:1)
  2 frilled lizards
  5 kobolds (D:1)
  4 rats (D:1)
  A bush (D:1)
43 creatures vanquished.

Vanquished Creatures (others)
  11 plants (D:1)
11 creatures vanquished.

Grand Total: 54 creatures vanquished

Notes
Turn   | Place    | Note
-------+----------+-------------------------------------------
     0 | D:1      | brob1 the Minotaur Berserker began the quest for the Orb.
     0 | D:1      | Reached XP level 1. HP: 19/19 MP: 0/0
   224 | D:1      | Reached XP level 2. HP: 25/27 MP: 1/1
   664 | D:1      | Reached XP level 3. HP: 28/33 MP: 2/2
   791 | D:1      | Reached ** piety under Trog
  1102 | D:1      | Found a faded altar of an unknown god.
  1365 | D:2      | HP: 1/33 [bat (1)]
  1365 | D:2      | Slain by a bat

Illustrated notes

Levels and vault maps discovered:
D:1:      dpeg_arrival_triangle_fractal, layout_rooms,
          shapermc_ecumenical_altar_petra, serial_forest,
          infiniplex_forest_lined_3, infiniplex_forest_clump_long,
          infiniplex_forest_3_way, infiniplex_forest_clump_medium,
          infiniplex_forest_side_room, dk_noncrumbling_3
D:2:      layout_rooms, chequers_decorated_corner

Skill      XL: |  1  2 |
---------------+-------+-----
Axes           | 4 |  4.6
Fighting       | 4 |  4.2
Armour         | |  2.5
Dodging        | |  2.8

Action                   || total
-------------------------++-------
Melee: Hand axe          ||   148
       Headbutt          ||    31
       Punch             ||     2
Armor: Animal skin       ||    15
Dodge: Dodged            ||    51
